 Dungeon Crawl Stone Soup version 0.12.2-14-g7c90c79 (webtiles) character file.

537 MarVin the Chopper (level 6, -3/48 HPs)
             Began as a Demonspawn Fighter on Aug 5, 2013.
             Killed from afar by Crazy Yiuf (11 damage)
             ... with a wand of flame
             ... on Level 4 of the Dungeon.
             The game lasted 00:12:07 (4134 turns).

MarVin the Chopper (Demonspawn Fighter)             Turns: 4134, Time: 00:12:07

HP  -3/48        AC  9     Str 18      XL: 6   Next: 48%
MP   5/5         EV  4     Int  9      God:
Gold 152         SH 18     Dex 13      Spells:  0 memorised,  5 levels left

Res.Fire  : . . .   See Invis. : .   y - +0,+3 orc war axe
Res.Cold  : . . .   Warding    : +   w - +0 orc chain mail
Life Prot.: + . .   Conserve   : .   c - +0 shield
Res.Poison: .       Res.Corr.  : .   (helmet restricted)
Res.Elec. : .       Clarity    : .   (no cloak)
Sust.Abil.: . .     Spirit.Shd : .   (no gloves)
Res.Mut.  : .       Stasis     : .   o - +0 pair of elf boots
Res.Rott. : .       Ctrl.Telep.: .   t - amulet of warding {unknown}
Saprovore : + . .   Flight     : .   (no ring)
                                     (no ring)

@: slightly resistant to hostile enchantments, extremely unstealthy
A: horns 2, saprovore 1
a: no special abilities


You were on level 4 of the Dungeon.
You were not hungry.

You visited 1 branch of the dungeon, and saw 4 of its levels.

You collected 132 gold pieces.

Inventory:

Hand weapons
 a - a +0,+0 hand axe {=f}
 r - a +0,+1 dwarven hand axe
 v - a -1,+1 orcish hand axe
 y - a +0,+3 orcish war axe (weapon)
Missiles
 i - 6 curare-tipped needles
 s - 3 javelins (quivered)
Armour
 b - a +0 scale mail
 c - a +0 shield (worn)
 o - a +0 pair of elven boots (worn)
 w - a +0 orcish chain mail (worn)
Magical devices
 e - a wand of flame (0)
Comestibles
 d - 3 bread rations
 k - 2 meat rations
Scrolls
 f - a scroll of remove curse {unknown}
 g - 4 scrolls of identify {unknown}
 h - 2 scrolls of teleportation {unknown}
 j - a scroll of curse weapon {unknown}
 l - a scroll of curse armour {unknown}
 p - 2 scrolls of amnesia {unknown}
 u - 2 scrolls of random uselessness {unknown}
 z - a scroll of enchant weapon II {unknown}
Jewellery
 t - an amulet of warding (around neck) {unknown}
 A - an uncursed amulet of resist corrosion {unknown}
Potions
 m - a potion of curing {unknown}
 n - a potion of agility {unknown}
 x - a potion of might


   Skills:
 - Level 3.0 Fighting
 + Level 5.9 Axes
 - Level 3.0 Armour
 - Level 3.4 Shields


You had 5 spell levels left.
You didn't know any spells.

Dungeon Overview and Level Annotations

Branches:
Dungeon (4/27)
 Temple: D:4-7

Altars:
Cheibriados

Annotations
D:4 Crazy Yiuf, Pikel


Innate Abilities, Weirdness & Mutations

You have a pair of horns on your head.
You can tolerate rotten meat.


Message History

Crazy Yiuf is severely wounded.
Crazy Yiuf zaps a wand.
The puff of flame misses you.
Your chain mail prevents you from hitting Crazy Yiuf.
You headbutt Crazy Yiuf, but do no damage.
Crazy Yiuf is severely wounded.
Crazy Yiuf hits you with a quarterstaff of chaos.
You partially resist.
You feel drained.
All of the chunks of flesh in your inventory have completely rotted away.
You closely miss Crazy Yiuf.
Crazy Yiuf is severely wounded.
Crazy Yiuf hits you with a quarterstaff of chaos!
* * * LOW HITPOINT WARNING * * *
Crazy Yiuf freezes you.
* * * LOW HITPOINT WARNING * * *
You are too injured to fight recklessly!
You hit Crazy Yiuf but do no damage.
Crazy Yiuf is severely wounded.
Crazy Yiuf zaps a wand.
The puff of flame hits you!
One of your 3 scrolls labeled HOKLIMI HIOSS catches fire!
You die...

## ###### .# #....# #).
.###....## #(. .........# .. #
.###....## #.# #.. .###....# ♣.♣♣
#..# ........# ♣♣.♣♣♣#..#
.###.#### ♣♣g♣♣♣#..# ## #.#
♣♣♣♣@♣♣#..# #.# ♣♣♣♣.♣♣♣#..# #.#
♣♣♣...♣♣#..### ####.###
♣♣....♣♣#....# .......#
##....###....# .. .......#
#....###....# ####..# .......#
#...###.....# .....#.
.......######..####.######......#
...........>...................#


You could see Crazy Yiuf.

Vanquished Creatures
  The ghost of MarVin the Chopper, an average DsFi (D:3)
  A worker ant (D:3)
  Ijyb (D:3)
  6 adders
  A giant mite (D:3)
  3 worms (D:2)
  A giant eyeball (D:3)
  4 giant geckos
  An ooze (D:2)
  8 orcs
  12 bats
  2 giant cockroaches
  12 goblins
  9 hobgoblins
  6 jackals
  10 kobolds
  A ball python (D:3)
  A giant newt (D:1)
  3 rats
83 creatures vanquished.

Notes
Turn   | Place    | Note
--------------------------------------------------------------
     0 | D:1      | MarVin, the Demonspawn Fighter, began the quest for the Orb.
     0 | D:1      | Reached XP level 1. HP: 18/18 MP: 0/0
   126 | D:1      | Gained mutation: You have a pair of small horns on your head. [demonic ancestry]
   126 | D:1      | Gained mutation: You have a pair of horns on your head. [demonic ancestry]
   126 | D:1      | Reached XP level 2. HP: 5/24 MP: 1/1
   929 | D:2      | Reached XP level 3. HP: 26/30 MP: 2/2
  1273 | D:2      | Reached XP level 4. HP: 32/36 MP: 3/3
  2053 | D:3      | Found a snail-covered altar of Cheibriados.
  2066 | D:3      | Noticed Ijyb
  2383 | D:3      | Noticed MarVin's ghost (average DsFi)
  2387 | D:2      | Reached XP level 5. HP: 37/41 MP: 4/4
  2605 | D:3      | Reached skill level 4 in Axes
  3071 | D:3      | Killed MarVin's ghost
  3071 | D:3      | Reached skill level 5 in Axes
  3071 | D:3      | Gained mutation: You can tolerate rotten meat. [demonic ancestry]
  3071 | D:3      | Reached XP level 6. HP: 11/48 MP: 5/5
  3545 | D:3      | Killed Ijyb
  3945 | D:4      | Noticed Pikel
  4118 | D:4      | Noticed Crazy Yiuf
  4134 | D:4      | Killed from afar by Crazy Yiuf

Action                   |  1- 3 |  4- 6 || total
-------------------------+-------+-------++-------
Melee: Hand axe          |   120 |   184 ||   304
       War axe           |       |    15 ||    15
Throw: Javelin           |       |     9 ||     9
  Use: Potion            |       |     1 ||     1
